 Dungeon Crawl Stone Soup version 0.25-a0-657-ge95d391c20 (webtiles) character file.

Game seed: 15059350106024686726, levelgen mode: deterministic

9248 lemonriz the Carver (level 11, -3/80 HPs)
             Began as a Demonspawn Fighter on Mar 22, 2020.
             Was a Priest of Trog.
             Slain by a two-headed ogre
             ... wielding a +0 giant club
              (23 damage)
             ... on level 10 of the Dungeon.
             The game lasted 00:21:16 (10730 turns).

lemonriz the Carver (Demonspawn Fighter)           Turns: 10730, Time: 00:21:17

Health: -3/80      AC: 16    Str: 23    XL:     11   Next: 20%
Magic:  0/11       EV:  6    Int: 15    God:    Trog [***...]
Gold:   683        SH: 16    Dex: 10    Spells: 10/10 levels left

rFire    . . .     SeeInvis .   d - +1 scimitar (flame)
rCold    . . .     Gourm    .   c - +0 kite shield
rNeg     . . .     Faith    .   E - +2 chain mail of the Storm King {rCorr Str+3 Int+3}
rPois    +         Spirit   +   l - +0 helmet
rElec    .         Reflect  +   y - scarf {cloud immunity}
rCorr    +         Harm     .   x - +0 pair of gloves
MR       +....     Rnd*Rage +   v - +0 pair of boots
Stlth    ..........             i - +6 amulet of reflection
HPRegen  0.23/turn              F - ring of poison resistance
MPRegen  0.24/turn              r - ring of resist corrosion

@: no status effects
A: icy blue scales 1, berserk 1, clever 1, clumsy 1, foul stench 1, magic
resistance 1, magic shield, magic regeneration, rot immunity
a: Berserk, Trog's Hand, Renounce Religion


You were on level 10 of the Dungeon.
You worshipped Trog.
Trog was most pleased with you.
You were hungry.

You visited 2 branches of the dungeon, and saw 12 of its levels.

You collected 683 gold pieces.

Inventory:

Hand Weapons
 d - a +1 scimitar of flaming (weapon)
 D - a +2 scimitar
Armour
 c - a +0 kite shield (worn)
 l - a +0 helmet (worn)
 v - a +0 pair of boots (worn)
 x - a +0 pair of gloves (worn)
 y - a scarf of cloud immunity (worn)
 E - the +2 chain mail of the Storm King (worn) {rCorr Str+3 Int+3}
   (You found it on level 8 of the Dungeon)

   It affects your strength (+3).
   It affects your intelligence (+3).
   It provides partial protection from all sources of acid and corrosion.
Jewellery
 i - a +6 amulet of reflection (around neck)
 k - an uncursed ring of positive energy
 r - a ring of resist corrosion (right hand)
 C - an uncursed ring of flight
 F - a ring of poison resistance (left hand)
 H - an uncursed ring of fire
 L - an uncursed ring of protection from cold {unknown}
Wands
 a - a wand of scattershot (8)
 z - a wand of clouds (7)
 B - a wand of flame (24)
Scrolls
 b - a scroll of teleportation {unknown}
 e - a scroll of blinking {unknown}
 g - a scroll of fog
 h - 5 scrolls of remove curse
 j - a scroll of identify
 o - 2 scrolls of amnesia {unknown}
 s - a scroll of enchant weapon
 u - 3 scrolls of enchant armour {unknown}
 I - a scroll of fear {unknown}
 M - a scroll of brand weapon {unknown}
Potions
 m - 3 potions of curing
 n - 5 potions of heal wounds
 p - 4 potions of haste
 q - 2 potions of stabbing
 t - a potion of might
 w - a potion of berserk rage
 A - a potion of lignification
 G - a potion of cancellation
 K - a potion of ambrosia
Comestibles
 f - 28 rations


   Skills:
 + Level 5.3 Fighting
 - Level 14.0 Long Blades
 - Level 2.6 Armour
 * Level 6.4 Shields


You had 10 spell levels left.
You didn't know any spells.
Your spell library was empty.

Dungeon Overview and Level Annotations

Branches:
Dungeon (11/15)            Temple (1/1) D:4            Lair (0/6) D:9
    Orc: D:9-12

Altars:
Ashenzari
Cheibriados
Dithmenos
Elyvilon
Fedhas
Gozag
Hepliaklqana
Kikubaaqudgha
Makhleb
Nemelex Xobeh
Okawaru
Qazlal
Ru
Sif Muna
Trog
Uskayaw
Vehumet
Wu Jian
Xom
Yredelemnul
Zin
The Shining One


Innate Abilities, Weirdness & Mutations

You are partially covered in icy blue scales. (AC +2)
You may emit foul miasma when damaged in melee.
When hurt, damage is shared between your health and your magic reserves.
You regenerate magic rapidly.
You are immune to rotting.
You tend to lose your temper in combat.
Your mind is acute. (Int +2)
You are clumsy. (Dex -2)
You are resistant to hostile enchantments. (MR+)


Message History

The two-headed ogre hits you with a +0 giant club!!
You block the two-headed ogre's attack.
You climb upwards.
There is a stone staircase leading down here.
You barely miss the two-headed ogre.
The two-headed ogre is heavily wounded.
You slash the two-headed ogre! You burn the two-headed ogre.
The two-headed ogre is severely wounded.
You block the two-headed ogre's attack. x2
You slash the two-headed ogre! You burn the two-headed ogre.
The two-headed ogre is almost dead.
The two-headed ogre hits you with a +0 giant club!
* * * LOW HITPOINT WARNING * * *
The two-headed ogre hits you but does no damage.
You hit the two-headed ogre but do no damage.
The two-headed ogre is almost dead.
Your chain mail of the Storm King prevents you from hitting the two-headed ogre.
The two-headed ogre is almost dead.
The two-headed ogre hits you with a +0 giant club!!
You die...

#.# #.......(####.....)))...# #.
..# #####.#### #######)##### ##
.## #..# #)# ## ##.# #)# ###
###'##### #.# ..# #...)...# #.#
## ########.......#
####.########.
..'...##.......#####.....).......
#.###..'.......'@O...##.#########
#.# ####.......########.# #.#
#.......# #.## ## ..# #.......#
#..# ##. ### #####'### ##.# #.. #
##...# #.# ##'# # #..### #.# #...
# ##'#### #.# #.#. #...#.# #.#
#.#.


You could see a two-headed ogre.

Vanquished Creatures
  Erica (D:8)
  The ghost of StormphoenixUK the Cleaver, a novice DsBe of Trog (D:10)
  An unseen horror (D:10)
  A centaur zombie (D:10)
  A gargoyle (D:10)
  2 centaur skeletons (D:10)
  A queen bee (D:10)
  A hippogriff (D:6)
  A wraith (D:10)
  3 yaks (D:9)
  A wyvern (D:8)
  Sigmund (D:3)
  A hungry ghost (D:10)
  2 porcupines (D:9)
  3 ice beasts
  3 sky beasts
  3 black bears (D:9)
  An orc warrior (D:7)
  3 phantoms
  7 ogres
  A necrophage (D:10)
  3 centaurs
  A big kobold (D:10)
  6 bullfrogs
  A gnoll sergeant (D:9)
  A scorpion (D:9)
  3 killer bees (D:10)
  5 wights (D:7)
  3 howler monkeys
  4 crimson imps
  2 jellies (D:6)
  4 orc priests
  5 hounds
  4 bullfrog skeletons
  A gnoll shaman (D:7)
  3 iguanas
  9 orc wizards
  10 worker ants
  A killer bee zombie (D:9)
  2 hound zombies
  A hound skeleton (D:7)
  2 howler monkey skeletons
  20 gnolls
  9 adders
  A shadow imp (D:5)
  An ooze (D:3)
  2 adder skeletons (D:4)
  4 worms
  3 dart slugs
  2 leopard geckos
  22 orcs
  7 bats
  7 giant cockroaches
  9 goblins
  6 hobgoblins
  7 jackals
  4 quokkas
  4 ball pythons
  4 frilled lizards
  A jackal skeleton (D:4)
  13 kobolds
  A leopard gecko skeleton (D:6)
  A leopard gecko zombie (D:5)
  13 rats
251 creatures vanquished.

Vanquished Creatures (collateral kills)
  3 killer bees (D:10)
3 creatures vanquished.

Vanquished Creatures (others)
  An orc (D:3)
  10 fungi (D:9)
  3 plants (D:9)
14 creatures vanquished.

Grand Total: 268 creatures vanquished

Notes
Turn   | Place    | Note
-------+----------+-------------------------------------------
     0 | D:1      | lemonriz the Demonspawn Fighter began the quest for the
                  | Orb.
     0 | D:1      | Reached XP level 1. HP: 18/18 MP: 1/1
    99 | D:1      | Reached skill level 2 in Long Blades
   416 | D:1      | Gained mutation: When hurt, damage is shared between your
                  | health and your magic reserves. [demonic ancestry]
   416 | D:1      | Reached XP level 2. HP: 24/24 MP: 2/2
   746 | D:1      | Reached skill level 3 in Long Blades
   825 | D:1      | Gained mutation: You are immune to rotting. [demonic
                  | ancestry]
   825 | D:1      | Reached XP level 3. HP: 29/29 MP: 3/3
  1485 | D:2      | Found a blossoming altar of Fedhas.
  1639 | D:2      | Gained mutation: You are clumsy. (Dex -2) [potion of
                  | mutation]
  1639 | D:2      | Gained mutation: You tend to lose your temper in combat.
                  | [potion of mutation]
  1639 | D:2      | Gained mutation: You are resistant to hostile enchantments.
                  | (MR+) [potion of mutation]
  1639 | D:2      | Gained mutation: Your mind is acute. (Int +2) [potion of
                  | mutation]
  1834 | D:2      | HP: 1/29 [worm (6)]
  2290 | D:2      | Found a shadowy altar of Dithmenos.
  2394 | D:2      | Gained mutation: You regenerate magic rapidly. [demonic
                  | ancestry]
  2394 | D:2      | Reached XP level 4. HP: 35/35 MP: 4/4
  2410 | D:2      | Reached skill level 4 in Long Blades
  2678 | D:2      | Found a snail-covered altar of Cheibriados.
  3212 | D:3      | Reached XP level 5. HP: 12/41 MP: 3/5
  3543 | D:3      | Reached skill level 5 in Long Blades
  3867 | D:3      | Noticed Sigmund
  3882 | D:3      | Killed Sigmund
  3882 | D:3      | Reached skill level 6 in Long Blades
  3882 | D:3      | Reached XP level 6. HP: 25/47 MP: 0/6
  4295 | D:4      | Reached skill level 7 in Long Blades
  4402 | D:4      | Reached XP level 7. HP: 33/52 MP: 4/7
  4578 | D:4      | Found a staircase to the Ecumenical Temple.
  4594 | Temple   | Entered the Ecumenical Temple
  4848 | Temple   | Became a worshipper of Trog the Wrathful
  5110 | D:5      | Entered Level 5 of the Dungeon
  5133 | D:5      | Reached skill level 8 in Long Blades
  5232 | D:5      | Gained mutation: You may emit foul miasma when damaged in
                  | melee. [demonic ancestry]
  5232 | D:5      | Reached XP level 8. HP: 42/58 MP: 8/8
  5421 | D:5      | Got a brightly glowing whip
  5422 | D:5      | Identified the +3 whip "Quodo" {pain, rF- Int+7 Dex+2 SInv}
                  | (You found it on level 5 of the Dungeon)
  5699 | D:6      | Reached skill level 9 in Long Blades
  6079 | D:6      | Noticed a hippogriff
  6114 | D:6      | Killed a hippogriff
  6114 | D:6      | Reached skill level 10 in Long Blades
  6600 | D:7      | Found a radiant altar of Vehumet.
  6612 | D:7      | Reached * piety under Trog
  6799 | D:7      | Reached XP level 9. HP: 50/63 MP: 9/9
  7048 | D:7      | Reached skill level 11 in Long Blades
  7143 | D:7      | Reached ** piety under Trog
  7806 | D:8      | Got a smoking chain mail
  7809 | D:8      | Identified the +2 chain mail of the Storm King {rCorr Str+3
                  | Int+3} (You found it on level 8 of the Dungeon)
  8238 | D:8      | Found a glowing golden altar of the Shining One.
  8276 | D:8      | Noticed Erica
  8293 | D:8      | Killed Erica
  8293 | D:8      | Reached skill level 12 in Long Blades
  8647 | D:8      | Found a shimmering altar of Xom.
  8925 | D:9      | Gained mutation: You are partially covered in icy blue
                  | scales. (AC +2) [demonic ancestry]
  8925 | D:9      | Reached XP level 10. HP: 62/70 MP: 8/10
  8960 | D:9      | Reached skill level 13 in Long Blades
  9077 | D:9      | Reached *** piety under Trog
  9150 | D:9      | Found a staircase to the Lair.
  9327 | D:9      | Found a white marble altar of Elyvilon.
  9340 | D:9      | Found a hazy altar of Hepliaklqana.
  9369 | D:9      | Found a glowing golden altar of the Shining One.
  9427 | D:9      | Found an opulent altar of Gozag.
  9539 | D:9      | Reached skill level 14 in Long Blades
  9653 | D:10     | Entered Level 10 of the Dungeon
  9933 | D:10     | Noticed a gargoyle
  9940 | D:10     | Killed a gargoyle
  9940 | D:10     | Reached skill level 5 in Shields
 10114 | D:10     | Reached **** piety under Trog
 10123 | D:10     | Reached XP level 11. HP: 78/78 MP: 11/11
 10383 | D:10     | Noticed StormphoenixUK's ghost (novice DsBe)
 10389 | D:10     | Found a transporter.
 10392 | D:10     | Found a transporter.
 10506 | D:10     | Killed StormphoenixUK's ghost
 10506 | D:10     | Reached skill level 5 in Fighting
 10658 | D:10     | Killed an unseen horror
 10710 | D:11     | Noticed a two-headed ogre
 10730 | D:10     | Slain by a two-headed ogre

Levels and vault maps discovered:
D:1:      dpeg_cavernosity, layout_loops_cross, hangedman_feature_mirror,
          minmay_tripent
D:2:      layout_loops_ring, fedhas_altar_2, marbit_many_paths,
          lemuel_coloured_pillars_altar, minmay_tromino_v7
D:3:      layout_loops_ring, uniq_sigmund
D:4:      layout_cave_pools, minmay_temple_entry_grid, first_ration
D:5:      layout_rooms
D:6:      layout_gridville
D:7:      minmay_cornered_nines, layout_basic, vehumet_altar_wand_db
D:8:      layout_basic, lemuel_round_altar, tso_altar, uniq_erica
D:9:      layout_roguey, kennysheep_mini_moat, nicolae_gozag_seed_capital,
          grunt_temple_overflow_open, due_lair_maze_entry_diamond
D:10:     layout_roguey, gammafunk_ghost_hive
D:11:     minmay_the_grid_octo_tiled_octocenter
          [minmay_the_grid_octo_tetromino_candy, minmay_the_grid_octo_teeth,
          minmay_the_grid_octo_focus, minmay_the_grid_octo_fat_diamond,
          minmay_the_grid_octo_prize_single_spiral,
          minmay_the_grid_square_5x5_two_walls_a,
          minmay_the_grid_square_5x5_shrine1, minmay_the_grid_square_5x5_spiral,
          minmay_the_grid_square_5x5_bite], layout_cave_pools, serial_shops,
          nicolae_shop_trees, shop, blue_anna_alchemist [blue_anna_fruit_fields,
          blue_anna_fruit_fields], small_chamber_with_monster,
          minmay_crystal_room, lightli_fourway_metalbox
Temple:   nicolae_temple_figure_eight

Skill      XL: |  1  2  3  4  5  6  7  8  9 10 11 |
---------------+----------------------------------+-----
Long Blades    | 2 3 4 6 7 8 10 12 14 | 14.0
Shields        | 5 6 |  6.4
Fighting       | 4 5 |  5.3
Armour         | |  2.6

Action                   |  1- 3 |  4- 6 |  7- 9 | 10-12 || total
-------------------------+-------+-------+-------+-------++-------
Melee: Long sword        |   177 |   249 |   132 |       ||   558
       Scimitar          |       |       |   319 |   329 ||   648
Invok: Berserk           |       |       |     1 |     5 ||     6
       Trog's Hand       |       |       |       |     1 ||     1
       Brothers in Arms  |       |       |       |     1 ||     1
  Use: Scroll            |     4 |       |    10 |     2 ||    16
       Potion            |     1 |     2 |     6 |       ||     9
 Stab: Invisible         |       |       |     2 |       ||     2
  Eat: Chunk             |     5 |     7 |    15 |     8 ||    35
       Ration            |       |       |     1 |       ||     1
Armor: Scale mail        |    43 |    67 |    43 |       ||   153
       Plate armour      |       |       |    99 |       ||    99
       Skin              |       |       |    50 |       ||    50
       Chain mail        |       |       |    23 |   109 ||   132
Dodge: Dodged            |    27 |    35 |    47 |    46 ||   155
Block: Kite shield       |   117 |   197 |   363 |   204 ||   881
       Reflection        |     2 |    13 |    10 |     2 ||    27
       Rpst.: Long sword |     9 |    12 |     4 |       ||    25
       Scimitar          |       |       |     7 |    11 ||    18

Table legend:
 A = Non-vault XP
 B = Vault XP
 C = Vault XP percentage of total XP
 D = Non-vault monster count
 E = Vault monster count
 F = Vault count percentage of total count
                 A         B        C        D         E       F
            +---------+---------+-------+---------+---------+-------
      Total |    9662 |    3550 |  26.9 |     219 |      36 |  14.1
            +---------+---------+-------+---------+---------+-------
        D:1 |      42 |      11 |  20.8 |      24 |       8 |  25.0
        D:2 |      63 |      10 |  13.7 |      19 |       4 |  17.4
        D:3 |     199 |     212 |  51.6 |      28 |       1 |   3.4
        D:4 |     492 |       0 |   0.0 |      15 |       0 |   0.0
        D:5 |     475 |       0 |   0.0 |      13 |       0 |   0.0
        D:6 |     846 |       0 |   0.0 |      13 |       0 |   0.0
        D:7 |    1090 |     192 |  15.0 |      32 |       4 |  11.1
        D:8 |     909 |     907 |  49.9 |      14 |       1 |   6.7
        D:9 |    1700 |    1054 |  38.3 |      26 |      10 |  27.8
       D:10 |    3846 |    1164 |  23.2 |      35 |       8 |  18.6
            +---------+---------+-------+---------+---------+-------
